 Dungeon Crawl Stone Soup version 0.31-a0-853-gc9b61b78f7 (webtiles) character file.

Game seed: 14812658694286966027

607 JackS81 the Ruffian (level 7, -6/87 HPs)
             Began as a Naga Shapeshifter on Oct 8, 2023.
             Killed by divine providence
             ... invoked by an orc priest
              (13 damage)
             ... on level 4 of the Dungeon.
             The game lasted 00:12:42 (2464 turns).

JackS81 the Ruffian (Naga Shapeshifter)             Turns: 2464, Time: 00:12:42

Health: -6/87      AC:  3    Str: 18    XL:     7   Next: 43%
Magic:  7/7        EV:  9    Int: 11    God:
Gold:   206        SH:  0    Dex: 10    Spells: 6/6 levels left

rFire   . .          .
                       - Unarmed
rCold   . . .        (no shield)
rNeg    . . .        a - +0 animal skin
rPois   +            (helmet currently unavailable)
rElec   .            (cloak currently unavailable)
rCorr   .            (gloves currently unavailable)
SInv    +            (no barding)
Will    .....        (no amulet) Stlth
                     (no ring)
HPRegen 0.34/turn    (no ring)
MPRegen 0.10/turn

%: no passive effects
@: berserking, short of breath, beast-form, quick
A: beast (slay +3), AC +2, large, see invisible, deformed body, poison
resistance, slowness 2, spit poison 1, naga tail 1
a: Spit Poison, Begin Untransformation


You were on level 4 of the Dungeon.
You were a hulking beast.
You visited 1 branch of the dungeon, and saw 4 of its levels.

You collected 206 gold pieces.

Inventory:

Missiles
 g - a curare-tipped dart (quivered)
 h - 9 boomerangs
 m - 5 poisoned darts
Armour
 a - a +0 animal skin (worn)
 b - a +0 buckler
 o - a +0 cloak
Talismans
 c - a beast talisman (active)
 d - a flux talisman
 e - a maw talisman
Scrolls
 f - 2 scrolls of fog {unknown}
 k - a scroll of silence {unknown}
 n - a scroll of enchant weapon {unknown}
 r - 2 scrolls of identify {unknown}
 s - a scroll of teleportation {unknown}
 t - a scroll of enchant armour {unknown}
Potions
 i - a potion of ambrosia {unknown}
 j - 3 potions of mutation {unknown}
 l - a potion of enlightenment {unknown}
 p - 2 potions of curing {unknown}
 q - a potion of berserk rage


   Skills:
 - Level 1.9 Fighting
 - Level 1.5 Dodging
 - Level 2.1 Stealth
 + Level 6.1 Unarmed Combat
 * Level 5.5 Shapeshifting


You had 6 spell levels left.
You didn't know any spells.
Your spell library was empty.

Dungeon Overview and Level Annotations

Branches:
Dungeon (4/15)
 Temple: D:4-7

Altars:


Innate Abilities, Weirdness & Mutations

You are a hulking beast.
Your limbs bulge with bestial killing power. (Slay +3)
Your serpentine skin is tough. (AC +2)
You have supernaturally acute eyesight. (SInv)
Armour fits poorly on your strangely shaped body.
Your system is resistant to poisons. (rPois)
You cover ground very slowly.
You can spit poison.
You have a snake-like lower body.


Message History

The hound is heavily wounded.
The hound completely misses you. The hound closely misses you.
You hit the hound.
The hound is severely wounded.
The hound bites you.
You hit the hound.
You kill the hound!
You see here a hound corpse.
You see here a hound corpse.
You see here a +0 cloak.
An orc priest and an orc come into view.
The orc priest shouts!
The orc shouts!
The orc priest calls down the wrath of Beogh upon you.
Beogh smites you!
The orc priest mumbles some strange prayers to Beogh against you.
Beogh smites you!
The orc priest hits you with a +0 flail!
The orc priest mumbles some strange prayers to Beogh against you.
Beogh smites you!
You closely miss the orc priest. The orc hits you with a +0 club.
* * * LOW HITPOINT WARNING * * *
The orc priest mumbles some strange prayers to Beogh against you.
Beogh smites you!
* * * LOW HITPOINT WARNING * * *
You punch the orc priest!
The orc priest is heavily wounded.
The orc barely misses you.
Aiming: Spit Poison (1% risk of failure)
Press: ? - help, Shift-Dir - straight line, f - orc priest
Aim: an orc priest, wielding a +0 flail (heavily wounded, 59% to hit)
The splash of poison hits the orc priest.
The orc priest is poisoned.
The orc priest is severely wounded.
The orc priest barely misses you. The orc hits you but does no damage.
It was a potion of berserk rage.
A red film seems to cover your vision as you go berserk!
You feel yourself moving faster!
You feel mighty!
The orc priest mumbles some strange prayers to Beogh against you.
Beogh smites you!
You die...

...........#
.........#.##
.......).#..#
.........##.###
......#####.[.# ###
......#
###.#####.#..
......# #.......#.#
......# ###..####.#
#.ho###.#
#.#o....#####
........####......#
#########
#.....#... #####.#
. ... ..... ≈≈≈≈.#
≈≈..o#


You could see an orc priest (poisoned) and an orc.

Vanquished Creatures
  Sigmund (D:2)
  2 black bears
  An ogre (D:2)
  A hound (D:4)
  Natasha (thrice) (D:2)
  2 adders
  2 dart slugs
  An orc (D:3)
  3 ball pythons
  5 endoplasms (D:1)
  3 giant cockroaches
  6 goblins
  5 hobgoblins
  4 jackals (D:2)
  2 quokkas
  4 bats (D:1)
  3 frilled lizards (D:1)
  6 kobolds
  4 rats
58 creatures vanquished.

Notes
Turn   | Place    | Note
-------+----------+-------------------------------------------
     0 | D:1      | JackS81 the Naga Shapeshifter began the quest for the Orb.
     0 | D:1      | Reached XP level 1. HP: 18/18 MP: 1/1
   209 | D:1      | Reached XP level 2. HP: 22/25 MP: 2/2
   583 | D:1      | Reached XP level 3. HP: 17/31 MP: 3/3
   954 | D:2      | Noticed Sigmund
   975 | D:2      | Killed Sigmund
   976 | D:2      | Reached skill level 1 in Stealth
   976 | D:2      | Reached skill level 4 in Unarmed Combat
   976 | D:2      | Reached XP level 4. HP: 21/38 MP: 4/4
   976 | D:2      | Reached XP level 5. HP: 24/44 MP: 5/5
  1182 | D:2      | Noticed Natasha
  1188 | D:2      | Killed Natasha
  1189 | D:2      | Reached XP level 6. HP: 51/51 MP: 6/6
  1421 | D:2      | Reached skill level 5 in Unarmed Combat
  1421 | D:2      | Reached skill level 5 in Shapeshifting
  1688 | D:2      | Noticed Natasha
  1693 | D:2      | Killed Natasha
  1732 | D:2      | Found a faded altar of an unknown god.
  1733 | D:2      | Noticed a black bear
  1740 | D:2      | Killed a black bear
  1741 | D:2      | Reached XP level 7. HP: 58/58 MP: 7/7
  2167 | D:2      | Noticed Natasha
  2181 | D:2      | Killed Natasha
  2303 | D:3      | Reached skill level 6 in Unarmed Combat
  2464 | D:4      | Killed from afar by an orc priest

Illustrated notes

Levels and vault maps discovered:
D:1:      sevenhm_arrival_forest_fort_small_3, layout_basic,
          minmay_misc_feat_four_crosses
D:2:      layout_rooms, ebering_ecumenical_altar_petrified,
          grunt_decor_arrowhead, uniq_sigmund, uniq_natasha
D:3:      layout_basic
D:4:      layout_basic, mainiacjoe_overflow_catwalk, supply_closet_lemuel,
          wad_floor_pattern_2, minmay_manual_monstrance

Skill      XL: |  1  2  3  4  5  6  7 |
---------------+----------------------+-----
Stealth        | 1 2 |  2.1
Unarmed Combat | 4 5 6 |  6.1
Shapeshifting  | 4 5 |  5.5
Fighting       | |  1.9
Dodging        | |  1.5

Action                     |  1- 3 |  4- 6 |  7- 9 || total
---------------------------+-------+-------+-------++-------
  Melee: Unarmed           |    60 |    45 |    41 ||   146
         Punch             |     2 |     2 |     2 ||     6
  Throw: Dart              |     8 |     7 |     1 ||    16
         Boomerang         |     2 |       |       ||     2
Ability: Spit Poison       |     1 |     1 |     2 ||     4
    Use: Potion            |     1 |     1 |     1 ||     3
   Stab: Sleeping          |       |     1 |       ||     1
 Armour: Animal skin       |    39 |    32 |    35 ||   106
         Skin              |     4 |     2 |       ||     6
  Dodge: Dodged            |    33 |    28 |    20 ||    81

Table legend: (Time is in decaauts)
 A = Elapsed time spent in this place.
 B = Non-inter-level travel time spent in this place.
 C = Inter-level travel time spent in this place.
 D = Time resting spent in this place.
 E = Time spent auto-exploring this place.
 F = Levels seen in this place.
 G = Mean time per level.
                   A        B        C        D        E       F      G
               +--------+--------+--------+--------+--------+-----+--------+
         Total |   3036 |   2869 |    167 |    124 |   2105 |   4 |  759.0 |
       Dungeon |   3036 |   2869 |    167 |    124 |   2105 |   4 |  759.0 |
               +--------+--------+--------+--------+--------+-----+--------+

Top non-repeatable levels by time:
     D:2: 1348 daAuts
     D:1: 1105 daAuts
     D:3: 398 daAuts
     D:4: 184 daAuts
